 Dungeon Crawl Stone Soup version 0.26-a0-1033-gd598b01645 (webtiles) character file.

Game seed: 13878490959281546014

415270 Ijustatesigmund the Executioner (level 23, -54/226 HPs)
             Began as a Hill Orc Fighter on Dec 9, 2020.
             Was the Champion of Cheibriados.
             Killed from afar by a hellephant (102 damage)
             ... with a blast of flame
             ... on level 3 of the Vaults on Dec 10, 2020.
             The game lasted 02:09:04 (50468 turns).

Ijustatesigmund the Executioner (Hill Orc Fighter) Turns: 50468, Time: 02:09:10

Health: -54/226    AC: 32    Str: 39    XL:     23   Next: 59%
Magic:  28/37      EV: 23    Int: 33    God:    Cheibriados [******]
Gold:   3625       SH: 35    Dex: 36    Spells: 20/26 levels left

rFire    . . .     SeeInvis +   z - +6 war axe (holy)
rCold    + . .     Faith    .   c - +4 tower shield
rNeg     . . .     Spirit   .   b - +4 scale mail of Somewhere Else {Str+2 Slay+5}
rPois    .         Reflect  +   A - +1 helmet {SInv}
rElec    .         Harm     .   C - +2 cloak
rCorr    .         Rampage  .   J - +3 pair of gauntlets of War {Slay+5}
Will     +....     Clarity  +   V - +2 pair of boots
Stlth    +++.......             F - amulet of reflection
HPRegen  0.47/turn              G - ring "Cedih" {Int+6 Dex+6 Slay+2 Stlth+}
MPRegen  0.25/turn              I - +4 ring of protection

@: lethally poisoned (-54 -> -61), very slow
A: rugged brown scales 1, agile 1, clarity, cold resistance 1, evolution 1,
sturdy frame 1
}: 2/15 runes: serpentine, barnacled
a: Bend Time, Temporal Distortion, Slouch, Step From Time, Renounce Religion


You were on level 3 of the Vaults.
You worshipped Cheibriados.
Cheibriados was exalted by your worship.
You visited 8 branches of the dungeon, and saw 39 of its levels.
You visited the Abyss 1 time.
You visited 1 bazaar.
You also visited: Ossuary.

You collected 4777 gold pieces.
You spent 1152 gold pieces at shops.

Inventory:

Hand Weapons
 a - a +3 broad axe of flaming
 z - a +6 war axe of holy wrath (weapon)
Missiles
 e - 2 silver javelins (quivered)
Armour
 b - the +4 scale mail of Somewhere Else (worn) {Str+2 Slay+5}
   (You found it on level 4 of the Dungeon)

   It affects your strength (+2).
   It affects your accuracy and damage with ranged weapons and melee attacks
   (+5).
 c - a +4 tower shield (worn)
 A - a +1 helmet of see invisible (worn)
 C - a +2 cloak (worn)
 J - the +3 pair of gauntlets of War (worn) {Slay+5}
   (You bought it in a shop on level 11 of the Dungeon)

   It affects your accuracy and damage with ranged weapons and melee attacks
   (+5).
 U - a +0 kite shield of reflection
 V - a +2 pair of boots (worn)
 Z - the +4 scale mail of the Komodo Dragon {rN++ Dex+4}
   (You found it on level 3 of the Shoals)

   It affects your dexterity (+4).
   It greatly protects you from negative energy.
Jewellery
 n - an uncursed ring of see invisible
 y - an uncursed ring of wizardry
 F - an amulet of reflection (around neck)
 G - the ring "Cedih" (left hand) {Int+6 Dex+6 Slay+2 Stlth+}
   (You found it on level 9 of the Dungeon)

   [ring of dexterity]

   It affects your intelligence (+6).
   It affects your dexterity (+6).
   It affects your accuracy and damage with ranged weapons and melee attacks
   (+2).
   It makes you more stealthy.
 I - a +4 ring of protection (right hand)
 L - an uncursed ring of resist corrosion
 N - an uncursed ring of positive energy
 P - the ring of Beogh's Condemnation {+Inv rF++ rC- Dex+6}
   (You acquired it on level 3 of the Lair of Beasts)

   [ring of dexterity]

   It affects your dexterity (+6).
   It greatly protects you from fire.
   It makes you vulnerable to cold.
   It lets you turn invisible.
 R - the amulet "Sovinob" {Faith *Contam rElec rF+++ Will-}
   (You took it off an orc warrior on level 2 of the Orcish Mines)

   [amulet of faith]

   It allows you to gain divine favour quickly.
   It renders you almost immune to fire.
   It insulates you from electricity.
   It affects your willpower, your defense against some magical effects.
   It causes magical contamination when unequipped.
 X - an uncursed ring of protection from cold
 Y - an uncursed ring of protection from cold
Wands
 f - a wand of iceblast (25)
 i - a wand of polymorph (24)
 k - a wand of paralysis (12)
 o - a wand of acid (15)
 w - a wand of digging (2)
 E - a wand of flame (165)
 T - a wand of disintegration (28)
Scrolls
 g - 6 scrolls of magic mapping
 j - 5 scrolls of teleportation
 t - 21 scrolls of identify
 v - 24 scrolls of remove curse
 B - 3 scrolls of fog
 D - 6 scrolls of amnesia
 H - 5 scrolls of immolation
 K - 7 scrolls of fear
 O - 2 scrolls of silence
Potions
 d - 4 potions of might
 h - 14 potions of curing
 m - 6 potions of brilliance
 p - 3 potions of heal wounds
 q - 4 potions of ambrosia
 r - 4 potions of flight
 s - 4 potions of cancellation
 u - 8 potions of attraction
 x - 4 potions of invisibility
 M - 6 potions of lignification
 Q - 2 potions of magic
Miscellaneous
 S - a condenser vane (inert)


   Skills:
 - Level 21.1 Fighting
 - Level 26.0 Axes
 + Level 12.6 Armour
 + Level 10.4 Dodging
 - Level 15.6 Shields
 - Level 2.3 Spellcasting
 - Level 7.4 Translocations
 - Level 21.3 Invocations
 - Level 8.1 Evocations


You had 20 spell levels left.
You knew the following spells:

 Your Spells              Type           Power        Failure   Level
a - Apportation           Tloc           ######       1%          1
b - Blink                 Tloc           N/A          1%          2
c - Lesser Beckoning      Tloc           ######....   3%          3

Your spell library contained the following spells:

 Spells                   Type           Power        Failure   Level
 Gell's Gravitas          Tloc           ######....   3%          3
 Teleport Other           Tloc           ######..     3%          3
 Passage of Golubria      Tloc           N/A          13%         4
 Portal Projectile        Hex/Tloc       ####..       19%         3
 Animate Skeleton         Necr           #.....       26%         1
 Corona                   Hex            #......      26%         1
 Foxfire                  Conj/Fire      #...         26%         1
 Magic Dart               Conj           #...         26%         1
 Sting                    Tmut/Pois      #...         26%         1
 Summon Small Mammal      Summ           #...         26%         1
 Call Imp                 Summ           #.......     38%         2
 Passwall                 Tmut/Erth      #.......     38%         2
 Poisonous Vapours        Pois/Air       #.....       38%         2
 Slow                     Hex            #.......     38%         2
 Sublimation of Blood     Necr           #.........   38%         2
 Swiftness                Air            #.......     38%         2
 Call Canine Familiar     Summ           #.......     63%         3
 Confusing Touch          Hex            #.......     63%         3
 Conjure Flame            Conj/Fire      #.......     63%         3
 Ignite Poison            Fire/Tmut/Pois #.......     63%         3
 Inner Flame              Hex/Fire       #.......     63%         3
 Mephitic Cloud           Conj/Pois/Air  #.......     63%         3
 Animate Dead             Necr           #.........   95%         4
 Cause Fear               Hex            #.........   95%         4
 Leda's Liquefaction      Hex/Erth       #.........   95%         4
 Olgreb's Toxic Radiance  Pois           #.......     95%         4
 Petrify                  Tmut/Erth      #.......     95%         4
 Sticky Flame             Conj/Fire      #.......     95%         4
 Alistair's Intoxication  Tmut/Pois      #........    100%        5
 Bolt of Magma            Conj/Fire/Erth #.........   100%        5
 Borgnjor's Vile Clutch   Necr/Erth      #.........   100%        5
 Fireball                 Conj/Fire      #.........   100%        5
 Irradiate                Conj/Tmut      #.........   100%        5
 Iskenderun's Battlesphe  Conj           #.......     100%        5
 Lee's Rapid Deconstruct  Erth           #.........   100%        5
 Metabolic Englaciation   Hex/Ice        #.........   100%        5
 Summon Mana Viper        Hex/Summ       #.......     100%        5
 Yara's Violent Unravell  Hex/Tmut       #.........   100%        5
 Death Channel            Necr           #.........   100%        6
 Eringya's Noxious Bog    Tmut/Pois      #.........   100%        6
 Invisibility             Hex            #.......     100%        6
 Iron Shot                Conj/Erth      #.........   100%        6
 Simulacrum               Ice/Necr       #.........   100%        6
 Orb of Destruction       Conj           #.........   100%        7
 Spellforged Servitor     Conj/Summ      #.........   100%        7


Dungeon Overview and Level Annotations

Branches:
Dungeon (15/15)            Temple (1/1) D:7            Lair (6/6) D:11
 Shoals (4/4) Lair:4        Snake (4/4) Lair:4        Slime (0/5) Lair:6
    Orc (2/2) D:11            Elf (0/3) Orc:2        Vaults (4/5) D:13
  Crypt (0/3) Vaults:3     Depths (3/5) D:15        Ossuary (visited)

Altars:
Ashenzari
Cheibriados
Dithmenos
Elyvilon
Fedhas
Gozag
Hepliaklqana
Kikubaaqudgha
Makhleb
Nemelex Xobeh
Okawaru
Qazlal
Ru
Sif Muna
Trog
Uskayaw
Vehumet
Wu Jian
Xom
Yredelemnul
Zin
The Shining One
Beogh
Jiyva
Lugonu

Shops:
D:6 **[:   D:11 [   D:12 =   Orc:1 (   Orc:2 [*::   Snake:1 }=}   Snake:3 *
Vaults:2 }

Portals:
Hell: Depths:1 Depths:2
Abyss: Depths:2
Pandemonium: Depths:1
Ziggurat: Depths:1

Annotations:
Lair:1 exclusion: oklob plant


Innate Abilities, Weirdness & Mutations

You are partially covered in rugged brown scales. (AC +1, +3% HP)
You are agile. (Dex +2)
You possess an exceptional clarity of mind.
Your flesh is cold resistant. (rC+)
You evolve.
Your movements are slightly less encumbered by armour. (ER -2)


Message History

You carve the hell knight like a ham!!!
You feel sick. You block the hell knight's attack. x3
The hell knight points at you and mumbles some strange words.
The bolt of fire hits you!!
* * * LOW HITPOINT WARNING * * *
The hell knight points at you and mumbles some strange words.
The puff of flame misses you.
You can feel time thicken for a moment.
You kill the hell knight!
Cheibriados thoroughly appreciates the change of pace.
You kill the hell knight!
Cheibriados appreciates the change of pace.
You kill the hell knight!
Cheibriados thoroughly appreciates the change of pace.
You kill the hell knight!
Cheibriados thoroughly appreciates the change of pace.
You feel sick. You block the hell knight's attack.
The hellephant breathes flames at you. The blast of flame hits you!!!!
You die... #..''''''''''..#....... #.. '..#....... #.. ++++++

'..+....... #..
++§§§§++'..+.......
#..'+§§.§§§+'..+.......
#..'+§§§§§'+'..#.......
#..''§§§p§+ '..########
#.. +§§§)'+ '..#
+..'+)@)'+++'..#
#(.''''''''''..#
#........Y.....#
#..............#
################


You could see a hellephant (catching breath) and a hell knight.

Vanquished Creatures
  Vashnia (Snake:2)
  Saint Roka (Snake:2)
  Margery (Vaults:2)
  Nikola (Snake:3)
  A tentacled monstrosity (Vaults:2)
  Rupert (D:13)
  Jorgrun (Shoals:1)
  2 liches
  The ghost of Qount the Ruinous, an adept TeFE of Vehumet (Snake:3)
  3 sphinxes
  4 krakens
  Donald (Shoals:4)
  Kirke (Lair:6)
  12 nagarajas
  3 fire giants (Depths:1)
  3 frost giants
  11 vault wardens
  A balrug (Vaults:3)
  A deep elf sorcerer (Depths:1)
  The ghost of Perttuleena the Carver, a journeyman DsFi of Okawaru (D:15)
  Louise (Shoals:4)
  An orc warlord (Orc:2)
  Aizul (Snake:2)
  2 very ugly things (Depths:1)
  7 ironheart preservers
  10 stone giants
  A vampire knight (Depths:2)
  An entropy weaver (Vaults:2)
  A blizzard demon (Abyss:2)
  A green death (Depths:1)
  The ghost of thewurscht the Blocker, a journeyman DrFi of Okawaru (Orc:2)
  A crystal guardian (Vaults:3)
  2 deep elf death magi (Vaults:1)
  4 ettins
  4 merfolk javelineers
  8 merfolk impalers
  7 great orbs of eyes
  Josephine (D:11)
  5 fire dragons
  The ghost of PanSaczeczos the Blocker, a journeyman VSFi of Trog (Lair:6)
  5 hydras
  3 jiangshi (Depths:1)
  2 rakshasas
  9 vault guards
  3 ice dragons
  15 naga warriors
  Erolcha (D:10)
  5 yaktaur captains
  21 anacondas
  8 boulder beetles
  4 merfolk avatars
  14 ogre magi
  A catoblepas (D:15)
  3 alligator snapping turtles
  6 merfolk aquamancers
  Erica (D:11)
  6 centaur warriors
  An alligator (Shoals:3)
  2 deep troll shamans
  2 death knights (Vaults:3)
  A satyr (Shoals:3)
  A vampire mage (Depths:1)
  5 deep troll earth magi
  3 tengu warriors
  42 two-headed ogres
  2 dancing weapons
  Urug (D:11)
  4 orc high priests (Orc:2)
  A death yak (Lair:5)
  5 spriggan berserkers (Depths:2)
  3 thrashing horrors (Abyss:2)
  13 naga sharpshooters
  8 shock serpents
  2 wretched stars (Abyss:2)
  A deep elf knight (Vaults:1)
  A soul eater (Depths:1)
  3 iron trolls (Depths:2)
  18 hell knights
  The ghost of Necrophagist the Shield-Bearer, a novice FoFi of Okawaru (D:6)
  9 deep trolls
  7 skeletal warriors
  A sixfirhy (Depths:1)
  14 sea snakes
  8 salamander mystics
  An infernal demonspawn (Depths:1)
  3 unseen horrors
  An obsidian statue (Snake:3)
  A golden dragon zombie (D:15)
  5 flayed ghosts
  5 wizards
  4 glowing orange brains
  5 lindwurms
  6 naga ritualists
  6 ironbrand convokers
  3 necromancers
  3 phantasmal warriors
  4 deep elf archers
  19 harpies
  14 orc knights
  4 orc sorcerers
  3 wolf spider zombies
  3 wolf spiders
  A shining eye (shapeshifter) (Vaults:2)
  31 ugly things
  8 manticores
  11 fauns
  10 salamanders
  A human zombie (Vaults:3)
  9 cyclopes
  A worldbinder (Abyss:2)
  2 stone giant zombies
  9 deep elf magi
  6 merfolk sirens
  18 mana vipers
  4 large abominations (Abyss:2)
  A salamander (shapeshifter) (Vaults:2)
  45 black mambas
  19 naga magi
  Maurice (Orc:2)
  7 water nymphs
  3 orange demons
  A torpor snail (Lair:6)
  10 vault sentinels
  11 guardian serpents
  Psyche (D:10)
  3 molten gargoyles (Lair:6)
  8 cane toads
  45 yaktaurs
  8 komodo dragons
  A kobold demonologist (D:9)
  A freezing wraith (Vaults:1)
  A rime drake (Lair:5)
  A hellwing (Depths:1)
  7 trolls
  A tengu conjurer (Depths:2)
  A queen bee (D:6)
  41 merfolk
  An ancient zyme (Abyss:2)
  A hornet (Vaults:3)
  A polar bear (Lair:2)
  3 wind drakes
  4 raiju (Abyss:2)
  20 slime creatures
  10 blink frogs
  A deep troll zombie (D:15)
  9 snapping turtles
  11 dream sheep
  A frost giant simulacrum (Vaults:3)
  An ettin zombie (Vaults:3)
  An ettin skeleton (D:15)
  A spriggan (shapeshifter) (Vaults:1)
  8 water elementals
  2 shadows
  A tarantella (Vaults:2)
  A tarantella (shapeshifter) (D:13)
  8 wraiths
  Grum (D:11)
  5 hogs (Lair:6)
  3 redbacks (Vaults:2)
  62 yaks
  2 humans (shapeshifter)
  16 humans (D:13)
  11 basilisks
  16 wyverns
  3 neqoxecs (Abyss:2)
  3 steam dragons (Lair:6)
  A chaos spawn (Abyss:2)
  33 nagas
  Edmund (D:5)
  An acid dragon (Vaults:1)
  9 wargs
  5 hell hounds
  17 water moccasins
  An acid dragon (shapeshifter) (Depths:1)
  A swamp drake (Snake:1)
  4 ice beasts
  A sky beast (shapeshifter) (Vaults:1)
  A floating eye (Depths:2)
  38 orc warriors
  3 sky beasts
  10 black bears
  4 necrophages
  2 eyes of draining (shapeshifter)
  41 ogres
  An eye of draining (D:14)
  3 phantoms
  A tengu (Snake:1)
  22 wolves
  5 boggarts
  27 centaurs
  4 small abominations (Abyss:2)
  A big kobold (D:10)
  19 bullfrogs
  8 earth elementals (D:15)
  7 scorpions
  8 killer bees
  14 wights
  2 electric eels
  3 howler monkeys
  A crimson imp (D:6)
  5 centaur zombies
  6 lava snakes
  2 human simulacra
  4 jellies
  2 quasits
  8 hounds
  2 bullfrog skeletons
  27 orc priests
  5 centaur skeletons
  An iron imp (Depths:1)
  A gnoll shaman (D:5)
  Jessica (D:2)
  3 iguanas
  40 orc wizards
  A yak simulacrum (Lair:2)
  11 hell rats
  A polar bear simulacrum (Lair:2)
  15 worker ants
  A killer bee zombie (D:9)
  4 wolf simulacra (Lair:2)
  3 hound zombies
  A hound skeleton (D:4)
  A mummy (Ossuary)
  14 gnolls
  13 adders
  2 shadow imps (D:9)
  3 white imps
  9 ufetubi
  An ooze (D:4)
  3 adder skeletons
  3 adder zombies
  5 worms
  9 dart slugs
  6 leopard geckos
  102 orcs
  8 giant cockroaches
  6 goblins
  5 hobgoblins
  13 jackals
  5 quokkas
  A ball python (D:2)
  9 bats
  5 frilled lizards
  8 gnoll skeletons (Ossuary)
  10 kobolds
  8 kobold skeletons (Ossuary)
  2 leopard gecko skeletons
  2 leopard gecko zombies
  9 orc skeletons (Ossuary)
  13 rats
  5 river rat simulacra (Lair:2)
  2 crawling corpses (Vaults:1)
  10 tentacles
1737 creatures vanquished.

Vanquished Creatures (others)
  A naga sharpshooter (Snake:2)
  A manticore (Shoals:1)
  An orc warrior (D:6)
  A worker ant (D:6)
  A gnoll (D:6)
  An ufetubus (Depths:1)
  A jackal (D:6)
  25 fungi
  A lurking horror (Abyss:2)
  63 plants
  19 tentacles
  A withered plant (D:15)
116 creatures vanquished.

Grand Total: 1853 creatures vanquished

Notes
Turn   | Place    | Note
-------+----------+-------------------------------------------
     0 | D:1      | Ijustatesigmund the Hill Orc Fighter began the quest for
                  | the Orb.
     0 | D:1      | Reached XP level 1. HP: 19/19 MP: 1/1
    40 | D:1      | Reached skill level 3 in Axes
    92 | D:1      | Reached XP level 2. HP: 20/26 MP: 2/2
   191 | D:1      | Reached skill level 4 in Axes
   463 | D:1      | Reached XP level 3. HP: 31/31 MP: 3/3
   809 | D:2      | Reached skill level 5 in Axes
   969 | D:2      | Noticed Jessica
   974 | D:2      | Killed Jessica
   975 | D:2      | Reached skill level 6 in Axes
   975 | D:2      | Reached XP level 4. HP: 24/39 MP: 2/4
  1126 | D:2      | Found a stormy altar of Qazlal.
  1637 | D:2      | Reached XP level 5. HP: 44/46 MP: 5/5
  2421 | D:3      | Found a sacrificial altar of Ru.
  2455 | D:3      | Found an ornate altar of the Wu Jian Council.
  2925 | D:4      | Reached XP level 6. HP: 41/55 MP: 6/6
  2927 | D:4      | Reached skill level 5 in Fighting
  2927 | D:4      | Reached skill level 7 in Axes
  3086 | D:4      | Got a bloodstained scale mail
  3092 | D:4      | Identified the +4 scale mail of Somewhere Else {Str+2
                  | Slay+5} (You found it on level 4 of the Dungeon)
  3312 | D:4      | Reached XP level 7. HP: 59/62 MP: 7/7
  3440 | D:4      | Noticed a moth of wrath
  3443 | D:4      | Found a bloodstained altar of Trog.
  3566 | D:5      | Entered Level 5 of the Dungeon
  3608 | D:5      | Reached skill level 8 in Axes
  3620 | D:5      | Reached skill level 5 in Armour
  3665 | D:5      | Found a sand-covered staircase.
  3674 | Ossuary  | Entered an ossuary
  3674 | Ossuary  | Noticed a wraith
  3674 | Ossuary  | Noticed a wraith
  3674 | Ossuary  | Noticed a wraith
  3941 | Ossuary  | Noticed a wraith
  3957 | Ossuary  | Killed a wraith
  3958 | Ossuary  | Reached XP level 8. HP: 54/71 MP: 8/8
  4413 | D:5      | Noticed Edmund
  4423 | D:5      | Killed Edmund
  4654 | D:5      | Reached skill level 9 in Axes
  4846 | D:5      | Found a shadowy altar of Dithmenos.
  4920 | D:6      | Found Quogug's General Store.
  4925 | D:6      | Bought a scroll of identify for 24 gold pieces
  5008 | D:6      | Found Yhiet's Armour Emporium.
  5009 | D:6      | Found War Poqa's Book Emporium.
  5028 | D:6      | Noticed a queen bee
  5034 | D:6      | Noticed Necrophagist's ghost (novice FoFi)
  5178 | D:6      | Reached skill level 1 in Dodging
  5319 | D:6      | Found a hazy altar of Hepliaklqana.
  5327 | D:6      | Found Xaback's General Store.
  5381 | D:6      | Reached skill level 5 in Shields
  5384 | D:6      | Reached XP level 9. HP: 73/79 MP: 7/9
  5513 | D:6      | Found a shimmering altar of Xom.
  5827 | D:6      | Found a transporter.
  5831 | D:6      | Found a transporter.
  5846 | D:6      | Killed a queen bee
  5863 | D:6      | Killed Necrophagist's ghost
  5864 | D:6      | Reached skill level 10 in Axes
  6358 | D:7      | Reached XP level 10. HP: 88/90 MP: 8/10
  6656 | D:7      | Found a staircase to the Ecumenical Temple.
  6660 | Temple   | Entered the Ecumenical Temple
  6771 | Temple   | Became a worshipper of Cheibriados the Contemplative
  6886 | D:8      | Found an opulent altar of Gozag.
  6933 | D:8      | Reached skill level 1 in Invocations
  7223 | D:8      | Found a shimmering blue altar of Sif Muna.
  7223 | D:8      | Found a white marble altar of Elyvilon.
  7223 | D:8      | Found a burning altar of Makhleb.
  7223 | D:8      | Found a basalt altar of Yredelemnul.
  7223 | D:8      | Found a radiant altar of Vehumet.
  7225 | D:8      | Found a bloodstained altar of Trog.
  7228 | D:8      | Found an iron altar of Okawaru.
  7357 | D:9      | Got a glittering pewter ring
  7359 | D:9      | Identified the ring "Cedih" {Int+6 Dex+6 Slay+2 Stlth+}
                  | (You found it on level 9 of the Dungeon)
  7476 | D:9      | Reached skill level 11 in Axes
  7552 | D:9      | Reached * piety under Cheibriados
  7672 | D:9      | Noticed a harpy
  7681 | D:9      | Killed a harpy
  7800 | D:9      | Noticed a two-headed ogre
  7809 | D:9      | Reached skill level 10 in Fighting
  7809 | D:9      | Killed a two-headed ogre
  7810 | D:9      | Reached skill level 5 in Invocations
  7953 | D:9      | Reached skill level 12 in Axes
  7983 | D:9      | Reached ** piety under Cheibriados
  7991 | D:9      | Reached XP level 11. HP: 99/101 MP: 15/15
  8087 | D:9      | Noticed a centaur warrior
  8091 | D:9      | Killed a centaur warrior
  8694 | D:10     | Entered Level 10 of the Dungeon
  8699 | D:10     | Reached *** piety under Cheibriados
  8755 | D:10     | Reached skill level 13 in Axes
  8755 | D:10     | Noticed Erolcha
  8768 | D:10     | Killed Erolcha
  8832 | D:10     | Reached **** piety under Cheibriados
  8853 | D:10     | Noticed a red ugly thing
  8860 | D:10     | Killed a red ugly thing
  8930 | D:10     | Learned a level 1 spell: Apportation
  9015 | D:10     | Noticed Psyche
  9015 | D:10     | Paralysed by Psyche for 7 turns
  9026 | D:10     | Killed Psyche
  9289 | D:11     | Noticed Josephine
  9290 | D:11     | Reached skill level 1 in Translocations
  9290 | D:11     | Reached XP level 12. HP: 112/112 MP: 18/18
  9301 | D:11     | Killed Josephine
  9324 | D:11     | Reached ***** piety under Cheibriados
  9329 | D:11     | Noticed Urug
  9685 | D:11     | Killed Urug
  9779 | D:11     | Noticed Erica
  9790 | D:11     | Killed Erica
  9791 | D:11     | Reached skill level 10 in Invocations
  9893 | D:11     | Found a burning altar of Makhleb.
  9893 | D:11     | Noticed a green death
  9921 | D:11     | Found a staircase to the Orcish Mines.
  9921 | D:11     | Found Rutuf's Armour Shop.
  9941 | D:11     | Bought the +3 pair of gauntlets of War {Slay+5} for 665
                  | gold pieces
  9941 | D:11     | Found the +3 pair of gauntlets of War {Slay+5}
 10080 | D:11     | Reached skill level 14 in Axes
 10087 | D:11     | Found a staircase to the Lair.
 10091 | D:11     | Noticed Grum
 10103 | D:11     | Killed Grum
 10279 | D:11     | Gained mutation: You are weak. (Str -2) [potion of
                  | mutation]
 10279 | D:11     | Gained mutation: You are somewhat resistant to further
                  | mutation. [potion of mutation]
 10552 | D:12     | Noticed a six-headed hydra
 10591 | D:12     | Killed an eight-headed hydra
 10971 | D:12     | Learned a level 2 spell: Blink
 11023 | D:12     | Found Pynywnem's Jewellery Shop.
 11140 | D:12     | Noticed a two-headed ogre
 11145 | D:12     | Killed a two-headed ogre
 11462 | D:12     | Reached skill level 5 in Translocations
 11622 | D:12     | Reached XP level 13. HP: 119/119 MP: 20/20
 12141 | D:13     | Lost mutation: You are weak. (Str -2) [potion of mutation]
 12141 | D:13     | Lost mutation: You are somewhat resistant to further
                  | mutation. [potion of mutation]
 12141 | D:13     | Gained mutation: Your system is resistant to poisons.
                  | (rPois) [potion of mutation]
 12141 | D:13     | Gained mutation: You are frail. (-10% HP) [potion of
                  | mutation]
 12141 | D:13     | Gained mutation: You are partially covered in large bone
                  | plates. (SH +4) [potion of mutation]
 12300 | D:13     | Noticed a fire dragon
 12303 | D:13     | Noticed Rupert
 12673 | D:13     | Reached skill level 15 in Axes
 12709 | D:13     | Found a gate to the Vaults.
 12724 | D:13     | Killed a fire dragon
 13229 | D:13     | Paralysed by Rupert for 4 turns
 13243 | D:13     | Killed Rupert
 13731 | D:14     | Reached XP level 14. HP: 91/118 MP: 23/23
 13859 | D:14     | Reached ****** piety under Cheibriados
 14279 | D:14     | Reached skill level 16 in Axes
 14575 | Lair:1   | Entered Level 1 of the Lair of Beasts
 16076 | Lair:2   | Reached skill level 15 in Fighting
 16641 | Lair:3   | Identified a scroll of acquirement
 16641 | Lair:3   | Acquired the ring of Beogh's Condemnation {+Inv rF++ rC-
                  | Dex+6}
 17122 | Lair:4   | Found a staircase to the Snake Pit.
 17137 | Lair:4   | Reached skill level 17 in Axes
 17308 | Lair:4   | Found a staircase to the Shoals.
 18597 | Lair:5   | Reached skill level 18 in Axes
 18903 | Lair:6   | Entered Level 6 of the Lair of Beasts
 18997 | Lair:6   | Reached XP level 15. HP: 112/126 MP: 25/25
 19187 | Lair:6   | Found a staircase to the Slime Pits.
 19190 | Lair:6   | Found a viscous altar of Jiyva.
 19267 | Lair:6   | Found a large runed translucent door.
 19268 | Lair:6   | Found a large runed translucent door.
 19306 | Lair:6   | Reached skill level 19 in Axes
 19767 | Lair:6   | Noticed Kirke
 19778 | Lair:6   | Killed Kirke
 19840 | Lair:6   | Found a runed translucent door.
 19842 | Lair:6   | Noticed PanSaczeczos's ghost (journeyman VSFi)
 19859 | Lair:6   | Killed PanSaczeczos's ghost
 20322 | Orc:1    | Entered Level 1 of the Orcish Mines
 20346 | Orc:1    | Reached skill level 20 in Axes
 20695 | Orc:1    | Found Oxtenkut's Weapon Boutique.
 20884 | Orc:1    | Found a radiant altar of Vehumet.
 21033 | Orc:2    | Entered Level 2 of the Orcish Mines
 21114 | Orc:2    | Found a runed translucent gate.
 21115 | Orc:2    | Found a runed translucent gate.
 21125 | Orc:2    | Found a roughly hewn altar of Beogh.
 21155 | Orc:2    | Noticed Maurice
 21166 | Orc:2    | Killed Maurice
 21167 | Orc:2    | Reached skill level 1 in Evocations
 21384 | Orc:2    | Found a runed translucent gate.
 21617 | Orc:2    | Found a staircase to the Elven Halls.
 21680 | Orc:2    | Found Cifecesom's Book Boutique.
 21680 | Orc:2    | Found Moung's General Store.
 21685 | Orc:2    | Found Doaweipra's Antique Armour Shop.
 21701 | Orc:2    | Found Nixycs's Book Boutique.
 21870 | Orc:2    | Noticed thewurscht's ghost (journeyman DrFi)
 21949 | Orc:2    | Identified the +6 chain mail of the Scribe {+Fly rCorr}
 21949 | Orc:2    | Noticed an orc warlord
 21988 | Orc:2    | Identified the +6 plate armour of Makhleb's Castigation
                  | {-Tele rN+ Dex+5}
 21988 | Orc:2    | Identified the amulet "Sovinob" {Faith *Contam rElec rF+++
                  | Will-}
 21994 | Orc:2    | Found a roughly hewn altar of Beogh.
 22004 | Orc:2    | Killed thewurscht's ghost
 22416 | Orc:2    | Killed an orc warlord
 22580 | D:15     | Entered Level 15 of the Dungeon
 22671 | D:15     | Found a staircase to the Depths.
 22728 | D:15     | Reached XP level 16. HP: 126/135 MP: 27/27
 22891 | D:15     | Reached skill level 15 in Invocations
 23157 | D:15     | Found a runed translucent door.
 23158 | D:15     | Found a shimmering altar of Xom.
 23158 | D:15     | Noticed Perttuleena's ghost (journeyman DsFi)
 23182 | D:15     | Killed Perttuleena's ghost
 23905 | Snake:1  | Entered Level 1 of the Snake Pit
 23960 | Snake:1  | Found Zigem Poc's Gadget Shoppe.
 23961 | Snake:1  | Found Qedogry Uwin's Jewellery Boutique.
 23967 | Snake:1  | Reached skill level 10 in Shields
 23994 | Snake:1  | Found Ceoxkyz's Gadget Shoppe.
 25061 | Snake:2  | Noticed a nagaraja
 26404 | Snake:2  | Noticed a nagaraja
 26413 | Snake:2  | Killed a nagaraja
 26448 | Snake:2  | Noticed Saint Roka
 26466 | Snake:2  | Reached XP level 17. HP: 139/144 MP: 29/29
 26477 | Snake:2  | Killed Saint Roka
 26950 | Snake:2  | Noticed Aizul
 26950 | Snake:2  | Noticed Vashnia
 27120 | Snake:2  | Killed Aizul
 27135 | Snake:2  | Killed Vashnia
 27518 | Snake:2  | Lost mutation: You are frail. (-10% HP) [potion of
                  | mutation]
 27518 | Snake:2  | Lost mutation: You are partially covered in large bone
                  | plates. (SH +4) [potion of mutation]
 27518 | Snake:2  | Lost mutation: Your system is resistant to poisons. (rPois)
                  | [potion of mutation]
 27518 | Snake:2  | Gained mutation: Your movements are slightly less
                  | encumbered by armour. (ER -2) [potion of mutation]
 27518 | Snake:2  | Gained mutation: You evolve. [potion of mutation]
 28547 | Snake:4  | Entered Level 4 of the Snake Pit
 28856 | Snake:3  | Found a runed translucent gate.
 28856 | Snake:3  | Found a runed translucent gate.
 28856 | Snake:3  | Found an opulent altar of Gozag.
 28856 | Snake:3  | Found a runed translucent gate.
 28857 | Snake:3  | Found Queclih's Assorted Antiques.
 28857 | Snake:3  | Noticed Qount's ghost (adept TeFE)
 29034 | Snake:3  | Gained mutation: Your mind is acute. (Int +2) [evolution]
 29154 | Snake:3  | Upgraded the game from 0.26-a0-1025-g006ef2cfcc to
                  | 0.26-a0-1033-gd598b01645
 29328 | Snake:3  | Killed Qount's ghost
 29855 | Snake:3  | Reached skill level 5 in Evocations
 30019 | Snake:3  | Noticed Nikola
 30030 | Snake:3  | Killed Nikola
 30462 | Snake:3  | Bought a slimy scale mail for 261 gold pieces
 30462 | Snake:3  | Identified the +1 scale mail of Liberalism {MP+9} (You
                  | bought it in a shop on level 3 of the Snake Pit)
 30471 | Snake:3  | Reached XP level 18. HP: 172/172 MP: 30/30
 30995 | Snake:4  | Found a gateway to a bazaar.
 31013 | Bazaar   | Entered a bazaar
 31013 | Bazaar   | Found Riujuej's Antique Armour Shop.
 31039 | Bazaar   | Found Inojusmu's Antique Weapon Shop.
 31059 | Bazaar   | Found Xeustah's General Store.
 31067 | Bazaar   | Bought a scroll of identify for 14 gold pieces
 31067 | Bazaar   | Bought a potion of curing for 21 gold pieces
 31067 | Bazaar   | Bought a scroll of enchant armour for 52 gold pieces
 31070 | Bazaar   | Bought a +2 pair of boots for 115 gold pieces
 32002 | Snake:4  | Reached XP level 19. HP: 177/179 MP: 31/31
 32328 | Snake:4  | Reached skill level 5 in Dodging
 33188 | Snake:4  | Reached skill level 21 in Axes
 34674 | Snake:4  | Got a serpentine rune of Zot
 35025 | Depths:1 | Entered Level 1 of the Depths
 35159 | Depths:1 | Got a shimmering marble ring
 35232 | Depths:1 | Reached skill level 22 in Axes
 35291 | Depths:1 | Identified the ring "Jiotanifemp" {*Tele Dex+4} (You found
                  | it on level 1 of the Depths)
 35776 | Depths:1 | Found a gateway to a ziggurat.
 36281 | Depths:1 | Found a gateway to Hell.
 36359 | Depths:1 | Reached XP level 20. HP: 156/191 MP: 33/33
 36360 | Depths:1 | Found a one-way gate leading to the halls of Pandemonium.
 36840 | Depths:1 | Found a glowing golden altar of the Shining One.
 38022 | Depths:2 | Found a corrupted altar of Lugonu.
 38025 | Depths:2 | Found a one-way gate to the infinite horrors of the Abyss.
 38470 | Depths:2 | Reached skill level 23 in Axes
 38531 | Depths:2 | Paralysed by a floating eye for 4 turns
 38616 | Depths:2 | Learned a level 3 spell: Lesser Beckoning
 38666 | Depths:2 | Found the +8 Wrath of Trog {antimagic, *Rage}
 38999 | Depths:2 | You fall into a shaft and drop 1 floor!
 39980 | Shoals:1 | Entered Level 1 of the Shoals
 39981 | Shoals:1 | Noticed Jorgrun
 40012 | Shoals:1 | Killed Jorgrun
 40291 | Shoals:1 | Reached skill level 15 in Shields
 41010 | Shoals:2 | Reached XP level 21. HP: 200/200 MP: 34/34
 41298 | Shoals:3 | Reached skill level 24 in Axes
 41463 | Shoals:3 | Identified the +4 scale mail of the Komodo Dragon {rN++
                  | Dex+4} (You found it on level 3 of the Shoals)
 42568 | Shoals:4 | Entered Level 4 of the Shoals
 42582 | Shoals:4 | Noticed Louise
 42594 | Shoals:4 | Cast into level 2 of the Abyss (Louise)
 42668 | Abyss:2  | Found a corrupted altar of Lugonu.
 43196 | Abyss:2  | Gained mutation: You are partially covered in rugged brown
                  | scales. (AC +1, +3% HP) [a neqoxec]
 43198 | Abyss:2  | Lost mutation: Your mind is acute. (Int +2) [a neqoxec]
 43201 | Abyss:2  | Gained mutation: Your flesh is cold resistant. (rC+) [a
                  | neqoxec]
 43235 | Abyss:2  | Gained mutation: You possess an exceptional clarity of
                  | mind. [a neqoxec]
 43429 | Shoals:4 | Escaped the Abyss
 43442 | Shoals:4 | Killed Louise
 43576 | Shoals:4 | Noticed Donald
 43627 | Shoals:4 | Killed Donald
 43835 | Shoals:4 | Gained mutation: You are agile. (Dex +2) [evolution]
 44118 | Shoals:4 | Reached skill level 25 in Axes
 44496 | Shoals:4 | Identified the Compendium of Calling
 44584 | Shoals:4 | Identified the cursed +2 fustibalus of the Saviour {venom,
                  | *Slow rPois rN+}
 44605 | Shoals:4 | Reached skill level 1 in Spellcasting
 45298 | Shoals:4 | Got a barnacled rune of Zot
 45507 | Vaults:1 | Entered Level 1 of the Vaults
 45712 | Vaults:1 | Reached XP level 22. HP: 185/217 MP: 36/36
 46474 | Vaults:1 | Identified the +6 hand axe of Destruction {elec, +Inv} (You
                  | found it on level 1 of the Vaults)
 47193 | Vaults:2 | Found Cuetraeq's Gadget Emporium.
 47434 | Vaults:2 | Reached skill level 26 in Axes
 47600 | Vaults:2 | Noticed Margery
 47613 | Vaults:2 | Killed Margery
 48407 | Vaults:2 | Reached skill level 10 in Armour
 48979 | Vaults:3 | Reached XP level 23. HP: 226/226 MP: 37/37
 49268 | Vaults:3 | Found a huge runed gate.
 49268 | Vaults:3 | Found a huge runed gate.
 49268 | Vaults:3 | Found a huge runed gate.
 49268 | Vaults:3 | Found a huge runed gate.
 49268 | Vaults:3 | Found a huge runed gate.
 49268 | Vaults:3 | Found a huge runed gate.
 49268 | Vaults:3 | Found a huge runed gate.
 49268 | Vaults:3 | Found a huge runed gate.
 49270 | Vaults:3 | Found a huge runed gate.
 49271 | Vaults:3 | Found a huge runed gate.
 49275 | Vaults:3 | Found a huge runed gate.
 49275 | Vaults:3 | Found a huge runed gate.
 49275 | Vaults:3 | Found a huge runed gate.
 49275 | Vaults:3 | Found a huge runed gate.
 49275 | Vaults:3 | Found a huge runed gate.
 49275 | Vaults:3 | Found a huge runed gate.
 49276 | Vaults:3 | Found a huge runed gate.
 49492 | Vaults:3 | Paralysed by a great orb of eyes for 7 turns
 49719 | Vaults:3 | Found a staircase to the Crypt.
 50071 | Vaults:3 | Found a huge runed gate.
 50072 | Vaults:3 | Found a huge runed gate.
 50079 | Vaults:3 | You fall into a shaft and drop 1 floor!
 50107 | Vaults:4 | Paralysed by an ogre mage for 3 turns
 50119 | Vaults:4 | Paralysed by an ogre mage for 3 turns
 50126 | Vaults:4 | Reached skill level 10 in Dodging
 50442 | Vaults:3 | Found a huge runed gate.
 50442 | Vaults:3 | Found a huge runed gate.
 50442 | Vaults:3 | Found a huge runed gate.
 50442 | Vaults:3 | Found a huge runed gate.
 50442 | Vaults:3 | Found a huge runed gate.
 50442 | Vaults:3 | Found a huge runed gate.
 50442 | Vaults:3 | Found a huge runed gate.
 50443 | Vaults:3 | Found a huge runed gate.
 50444 | Vaults:3 | Found a huge runed gate.
 50468 | Vaults:3 | Killed from afar by a hellephant

Illustrated notes

Levels and vault maps discovered:
D:1:      dpeg_arrival_round_c, layout_rooms, chequers_serial_rivers_small_b
D:2:      layout_basic, old_standard_altar, uniq_jessica
D:3:      layout_loops_ring, lemuel_crystal_altar,
          nicolae_ru_sacrificial_ziggurat, minmay_starry_boxes
D:4:      layout_cave_pools, hangedman_decor_slide_cut, tgw_trog
D:5:      layout_loops_ring, nicolae_ossuary_entry_plus,
          grunt_dithmenos_shadows, uniq_edmund
D:6:      layout_loops_corners, xom_confusion_cloud, lemuel_crystal_altar,
          gammafunk_ghost_hive, serial_shops, shop, nicolae_shop_stone,
          nicolae_shop_temple_entry_statues_fountains, nicolae_shop_crystal,
          minmay_fire_ice_demons
D:7:      layout_rooms, temple_hall_moat
D:8:      layout_rooms, grunt_gozag_statues, minitemple
D:9:      minmay_the_grid_3x3 [minmay_the_grid_eight,
          minmay_the_grid_small_cups, minmay_the_grid_minigrid_medium,
          minmay_the_grid_rooms, minmay_the_grid_stretched_grid,
          minmay_the_grid_spikes, minmay_the_grid_spin_star,
          minmay_the_grid_mess, minmay_the_grid_prize_four_corners],
          layout_basic, due_unseen_surprise
D:10:     layout_cross, kennysheep_boxes, uniq_psyche, uniq_erolcha
D:11:     layout_small_grid, minmay_lair_entry_grove, orc_david_3,
          makhleb_altar_promises_db, uniq_grum, uniq_urug, uniq_josephine,
          uniq_erica
D:12:     layout_loops_ring, serial_shops, shop, chequers_jeans,
          nrook_guardian_serpent_ordinary
D:13:     layout_roguey, david_vaults_3, minmay_librarian
D:14:     layout_gridville, ebering_dispersal_statue_hall, billiards_dpeg
D:15:     gammafunk_depths_entry_grave, layout_irregular_city,
          nicolae_twisting_strands, ebering_ghost_xom,
          hangedman_cracks_in_the_wall, uniq_rupert
Temple:   kb_temple_of_zot
Lair:1:   layout_regular_city, minmay_lair_oklob_bushes
Lair:2:   layout_regular_city, st_stairs_7, eino_house_with_fridge
Lair:3:   layout_cave_shapes
Lair:4:   layout_regular_city, minmay_shoals_entry_centaurs,
          minmay_snake_entry_six_corridors, grunt_megastairs_3
Lair:5:   layout_layer_cave, beast_lair_carwin_1
Lair:6:   cheibrodos_lair_end_hotspot, layout_long_grid, slime_altar_1,
          hellmonk_ghost_happy_afterlife, eino_small_chamber_without_monster,
          uniq_kirke
Shoals:1: layout_shoals, uniq_jorgrun
Shoals:2: layout_shoals
Shoals:3: layout_shoals, nicolae_shoals_siren_and_animal_friends
Shoals:4: shoals_end_simple, layout_shoals, uniq_louise, uniq_donald
Snake:1:  layout_grid_shapes, minmay_snake_pond, grunt_megastairs_2,
          serial_bayou_shore_a, minmay_shop_grove
Snake:2:  layout_chambers, drop_trap, evilmike_ambush
          [evilmike_ambush_outer_basic, evilmike_ambush_inner_pond],
          grunt_megastairs_5, uniq_vashnia, uniq_aizul, uniq_saint_roka
Snake:3:  layout_layer_cave, ebering_ghost_gozag, lemuel_fruit_tree, uniq_nikola
Snake:4:  snake_pit_salamanders_mu, layout_cave_town, serial_shops,
          bzr_entry_gold
Orc:1:    layout_caves, serial_shops, shop_statue, basic_altar
Orc:2:    st_orc_mages, layout_caves, biasface_ghost_orc_armoury, basic_altar,
          uniq_maurice
Vaults:1: v_rooms_4, nicolae_vaults_shelves_hall, nicolae_vaults_shelves_hall,
          vaults_room_door_ring, hangedman_vaults_corner, grunt_vaults_funnel,
          v_rooms_5, v_pattern_2, vaults_room_pool, vaults_room_door_ring,
          vaults_room_fours, vaults_dpeg_ring, vaults_room_large_hall,
          v_misc_17, v_misc_16, layout_vaults_maze
Vaults:2: ontoclasm_vaults_spin, v_misc_17, hangedman_vaults_corner_blocks,
          v_pattern_1, vaults_standard_mumra_lines, vaults_room_guarded_vault,
          nicolae_vaults_little_squares_1, v_misc_31, v_misc_9,
          layout_vaults_omnigrid, serial_shops,
          nicolae_shop_competitors_out_of_business, uniq_margery
Vaults:3: vaults_not_door_vault_due, v_misc_28, vaults_dpeg_cross, v_misc_5,
          v_misc_19, nicolae_vaults_mini_display_case, v_misc_2,
          blue_anna_dwarven_crypt, nicolae_vaults_twisting_passages, v_rooms_1,
          nicolae_vaults_big_angled_halls, vaults_dpeg_encased_lava,
          ontoclasm_vaults_idyll, layout_vaults_ring
Vaults:4: vaults_mumra_minichess, nicolae_vaults_network_barrier,
          ontoclasm_vaults_eye, nicolae_vaults_angled_halls, v_rooms_4,
          grunt_vaults_diagonal, v_misc_8, ontoclasm_vaults_idyll,
          ontoclasm_vaults_chip, nicolae_vaults_little_squares_2,
          vaults_room_corners, vaults_room_semicircle, layout_vaults_omnicross
Depths:1: kennysheep_scales, layout_cave_shapes, enter_ziggurat_a,
          nicolae_wwwww, hell_entry, grunt_pan_entry_sceptre, tso_metal_star,
          kennysheep_random_hallway
Depths:2: lemuel_flame_loot_2, layout_gridlike, solitary_fountain,
          abyss_entry_flame_altar, hell_entry,
          minmay_guarded_unrand_wrath_of_trog
Depths:3: kennysheep_ogre_elephant_herders, layout_cave_pools, pan_entry,
          grunt_mini_vestibule, minmay_staircase_windowed_large,
          serial_bayou_shore_b, hangedman_decor_cross_pass

Skill      XL: |  1  2  3  4  5  6  7  8  9 10 11 12 13 14 15 16 17 18 19 20 21 22 23 |
---------------+----------------------------------------------------------------------+-----
Axes           | 3 4 6 7 8 9 10 12 13 14 15 18 20 22 23 25 26 | 26.0
Fighting       | 4 5 6 7 8 10 12 14 15 17 18 19 20 21 | 21.1
Armour         | 4 5 6 7 8 10 12 | 12.6
Shields        | 5 6 8 9 11 12 13 15 | 15.6
Dodging        | 1 3 4 6 8 10 | 10.4
Invocations    | 6 9 10 12 14 16 17 18 19 20 21 | 21.3
Translocations | 1 5 7 |  7.4
Evocations     | 3 8 |  8.1
Spellcasting   | 2 |  2.3

Action                   |  1- 3 |  4- 6 |  7- 9 | 10-12 | 13-15 | 16-18 | 19-21 | 22-24 || total
-------------------------+-------+-------+-------+-------+-------+-------+-------+-------++-------
Melee: War axe           |    76 |   173 |   258 |   410 |   853 |   614 |  1203 |   600 ||  4187
       Flail             |       |       |       |     9 |    17 |     7 |       |       ||    33
Throw: Dart              |       |     1 |       |     2 |     4 |     2 |     3 |       ||    12
 Cast: Apportation       |       |       |       |       |     1 |       |     1 |       ||     2
       Blink             |       |       |       |       |       |     1 |     4 |       ||     5
       Lesser Beckoning  |       |       |       |       |       |       |     3 |     1 ||     4
Invok: Bend Time         |       |       |       |     1 |       |       |       |       ||     1
       Slouch            |       |       |       |       |     3 |     3 |     8 |     4 ||    18
       Step From Time    |       |       |       |       |       |     1 |     2 |       ||     3
Evoke: Wand              |       |       |       |     2 |     6 |    10 |    21 |       ||    39
       Condenser vane    |       |       |       |       |     1 |       |     3 |     1 ||     5
  Use: Scroll            |     4 |    11 |    11 |     8 |    14 |     8 |    12 |     6 ||    74
       Potion            |       |       |     3 |     2 |     2 |     5 |     7 |       ||    19
 Stab: Invisible         |       |     1 |       |       |       |       |       |       ||     1
       Distracted        |       |       |       |     1 |     1 |     1 |     7 |     2 ||    12
       Sleeping          |       |       |       |       |    16 |     7 |     5 |    10 ||    38
       Confused          |       |       |       |       |     5 |       |       |       ||     5
       Petrified         |       |       |       |       |       |     3 |       |       ||     3
       Petrifying        |       |       |       |       |       |     1 |       |       ||     1
Armor: Scale mail        |    36 |    49 |   106 |   143 |   159 |   141 |   278 |    74 ||   986
       Chain mail        |       |    19 |       |       |       |       |       |       ||    19
Dodge: Dodged            |    26 |    56 |    72 |   111 |   149 |   118 |   321 |   108 ||   961
Block: Kite shield       |    37 |    95 |   136 |   378 |   767 |       |       |       ||  1413
       Reflection        |       |       |       |    27 |    39 |   122 |   208 |    64 ||   460
       Tower shield      |       |       |       |       |    42 |   882 |  1692 |   712 ||  3328

Table legend: (Time is in decaauts)
 A = Elapsed time spent in this place.
 B = Non-inter-level travel time spent in this place.
 C = Inter-level travel time spent in this place.
 D = Time resting spent in this place.
 E = Time spent auto-exploring this place.
 F = Levels seen in this place.
 G = Mean time per level.
                   A        B        C        D        E       F      G
               +--------+--------+--------+--------+--------+-----+--------+
         Total |  70961 |  66970 |   3991 |  10933 |  44423 |  42 | 1689.5 |
       Dungeon |  19527 |  18058 |   1469 |   1612 |  13289 |  15 | 1301.8 |
        Temple |    146 |     90 |     56 |      0 |     89 |   1 |  146.0 |
          Lair |  10786 |   9658 |   1128 |    130 |   8333 |   6 | 1797.7 |
        Shoals |   6721 |   6461 |    260 |   1018 |   4038 |   4 | 1680.2 |
     Snake Pit |  14656 |  14116 |    540 |   4838 |   6833 |   4 | 3664.0 |
  Orcish Mines |   3320 |   3189 |    131 |    520 |   1915 |   2 | 1660.0 |
        Vaults |   7501 |   7336 |    165 |    433 |   5525 |   4 | 1875.2 |
        Depths |   6549 |   6309 |    240 |   2033 |   3339 |   3 | 2183.0 |
         Abyss |   1114 |   1114 |      0 |     62 |    842 |   1 | 1114.0 |
        Bazaar |    147 |    147 |      0 |      0 |    106 |   1 |  147.0 |
       Ossuary |    489 |    489 |      0 |    285 |    112 |   1 |  489.0 |
               +--------+--------+--------+--------+--------+-----+--------+

Top non-repeatable levels by time:
 Snake:4: 4947 daAuts
Depths:1: 3914 daAuts
 Snake:3: 3502 daAuts
 Snake:2: 3498 daAuts
Vaults:2: 2881 daAuts
 Snake:1: 2708 daAuts
Shoals:4: 2651 daAuts
Depths:2: 2525 daAuts
    D:13: 2373 daAuts
Vaults:3: 2264 daAuts
Vaults:1: 2161 daAuts
   Orc:2: 2112 daAuts
  Lair:6: 2103 daAuts
    D:12: 2044 daAuts
    D:15: 1945 daAuts
